 Dungeon Crawl Stone Soup version 0.26-a0-662-g8b9c6dab81 (webtiles) character file.

Game seed: 14492415838077492327

8883 grandjackal the Grappler (level 11, -21/133 HPs)
             Began as a Demonspawn Gladiator on Oct 9, 2020.
             Was an Initiate of Gozag.
             Killed from afar by a fire dragon (55 damage)
             ... with a blast of flame
             ... on level 11 of the Dungeon.
             The game lasted 00:17:12 (15924 turns).

grandjackal the Grappler (Demonspawn Gladiator)    Turns: 15924, Time: 00:17:13

Health: -21/133    AC: 29    Str: 18    XL:     11   Next: 15%
Magic:  11/11      EV:  2    Int: 10    God:    Gozag
Gold:   1198       SH:  5    Dex: 14    Spells: 10/10 levels left

rFire    . . .     SeeInvis .     - Unarmed
rCold    + . .     Faith    .   (no shield)
rNeg     + + +     Spirit   .   (armour currently unavailable)
rPois    +         Reflect  +   (helmet currently unavailable)
rElec    .         Harm     .   (cloak currently unavailable)
rCorr    .         Rampage  .   (gloves currently unavailable)
MR       .....     NoTele   +   (boots currently unavailable)
Stlth    +.........             p - amulet of reflection
HPRegen  0.32/turn              y - ring of protection from cold
MPRegen  0.12/turn              A - +4 ring of protection

@: mighty, tree-form, gold aura, hasted and slowed
A: foul stench 1, powered by death 1, rot immunity
a: Potion Petition, Call Merchant, Bribe Branch, Renounce Religion


You were on level 11 of the Dungeon.
You worshipped Gozag.
Gozag was most pleased with you.
You were a tree.
You visited 1 branch of the dungeon, and saw 12 of its levels.
You also visited: Ossuary.

You collected 2110 gold pieces.
You spent 881 gold pieces at shops.
You paid 31 gold pieces to Gozag.

Inventory:

Hand Weapons
 l - a +5 dagger
Missiles
 o - a throwing net (quivered)
Armour
 k - the +1 leather armour of the Lily (melded) {Rampage rCorr Int-3 Dex+3}
   (You found it on level 9 of the Dungeon)

   It affects your intelligence (-3).
   It affects your dexterity (+3).
   It provides partial protection from all sources of acid and corrosion.
   It bestows one free step when moving towards enemies.
 q - a +1 leather armour of magic resistance
 s - a +2 helmet of see invisible (melded)
 D - a +2 pair of boots of stealth (melded)
Jewellery
 i - an uncursed amulet of guardian spirit
 n - an uncursed ring of positive energy
 p - an amulet of reflection (around neck)
 y - a ring of protection from cold (left branch)
 A - a +4 ring of protection (right branch)
Wands
 a - a wand of enslavement (12)
 x - a wand of flame (32)
 B - a wand of iceblast (22)
Scrolls
 f - 4 scrolls of enchant weapon
 g - 7 scrolls of teleportation
 v - 5 scrolls of magic mapping
 E - a scroll of vulnerability
 F - a scroll of blinking
Potions
 b - 2 potions of might
 d - 2 potions of lignification
 j - a potion of flight {unknown}
 m - 3 potions of mutation
 r - 2 potions of magic
 t - a potion of ambrosia
 u - 2 potions of cancellation
 w - a potion of heal wounds
 z - a potion of haste
 C - a potion of stabbing {unknown}


   Skills:
 + Level 9.3 Fighting
   Level 4.7 Long Blades
 - Level 1.7 Throwing
 + Level 8.7 Dodging
 * Level 10.2 Unarmed Combat


You had 10 spell levels left.
You didn't know any spells.
Your spell library contained the following spells:

 Spells                   Type           Power        Failure   Level
 Summon Small Mammal      Summ           #...         36%         1
 Call Imp                 Summ           #.......     50%         2
 Call Canine Familiar     Summ           #.......     75%         3
 Summon Guardian Golem    Hex/Summ       #.......     75%         3
 Summon Ice Beast         Ice/Summ       #.......     98%         4
 Summon Lightning Spire   Summ/Air       #.......     98%         4


Dungeon Overview and Level Annotations

Branches:
Dungeon (12/15)            Temple (0/1) D:4             Orc (0/2) D:12
Ossuary (visited)
   Lair: D:8-11

Altars:
Dithmenos
Elyvilon
Gozag
Qazlal
Uskayaw
Yredelemnul
Zin
The Shining One

Shops:
D:7 }[[   D:10 (   D:11 [?

Portals:
Abyss: D:10

Annotations:
D:2 1 runed translucent door, Crazy Yiuf
D:6 2 transporters, ClockworkOrrery's ghost, novice GrFi
D:10 2 transporters, Gamer54's ghost, journeyman DrAE


Innate Abilities, Weirdness & Mutations

((You have sharp fingernails.))
You may emit foul miasma when damaged in melee.
You regenerate a little health from kills.
You are immune to rotting.


Message History

Unknown command.
You pummel the fire dragon!!
The fire dragon is moderately wounded.
The fire dragon bites you but does no damage.
The fire dragon claws you.
* * * LOW HITPOINT WARNING * * *
The fire dragon tramples you but does no damage.
The black bear bites you but does no damage.
The black bear claws you but does no damage.
The black bear barely misses you.
Unknown command.
You smack the fire dragon!
The fire dragon is heavily wounded.
The boulder beetle is no longer distracted by gold.
The boulder beetle blinks!
An elephant comes into view.
The fire dragon breathes flames at you. The blast of flame hits you!!!
You die...
Your body crumbles into a pile of gold.

...# #..# #..# +..# ._..
#..# ... #..# ##### #..#
### ##$$$$ #§.# ##+####'##
#H...D ##♣## #..##.....
#....##hDZ+ #.........
.(#8..8#....# #.........
...........## ####.###.##..
.##.....#...###.##'###.##..
...#...?#.#.#.#........#...
# #Y..###..B.('........#...
#.... #.#.#.#........#...
#..... #.....#........#...


You could see a fire dragon (catching breath, sick), a boulder beetle, an
elephant (wandering), a black bear and a bullfrog zombie.

Vanquished Creatures
  A sphinx (D:11)
  Harold (D:9)
  2 two-headed ogres (D:9)
  Joseph (D:8)
  A hornet (D:9)
  A shadow (D:11)
  2 wyverns
  A wraith (D:10)
  Menkaure (D:6)
  5 ice beasts
  A sky beast (D:5)
  3 ogres
  7 centaurs
  A big kobold (D:9)
  2 bullfrogs (D:9)
  A gnoll sergeant (D:8)
  2 wyvern zombies
  4 scorpions
  A water moccasin skeleton (D:5)
  7 wights
  4 electric eels (D:10)
  7 howler monkeys
  4 orc priests
  6 hounds
  2 jellies
  5 orc wizards
  A bullfrog skeleton (D:8)
  Natasha (thrice) (D:3)
  6 iguanas
  8 worker ants
  Terence (D:2)
  A mummy (D:4)
  2 howler monkey zombies
  3 gnolls
  17 adders
  2 shadow imps (D:5)
  3 white imps
  2 ufetubi
  An adder skeleton (D:6)
  3 worms (D:2)
  2 dart slugs
  2 leopard geckos
  43 orcs
  3 giant cockroaches
  4 goblins
  5 hobgoblins
  16 jackals
  2 quokkas
  8 bats
  7 frilled lizards
  9 kobolds
  A kobold zombie (D:4)
  An orc zombie (D:4)
  A quokka skeleton (D:2)
  3 rats
233 creatures vanquished.

Vanquished Creatures (others)
  2 plants (D:10)
  2 withered plants (Ossuary)
4 creatures vanquished.

Grand Total: 237 creatures vanquished

Notes
Turn   | Place    | Note
-------+----------+-------------------------------------------
     0 | D:1      | grandjackal the Demonspawn Gladiator began the quest for
                  | the Orb.
     0 | D:1      | Reached XP level 1. HP: 16/16 MP: 1/1
   189 | D:1      | Gained mutation: You are immune to rotting. [demonic
                  | ancestry]
   189 | D:1      | Reached XP level 2. HP: 22/22 MP: 2/2
  1041 | D:2      | Noticed Terence
  1062 | D:2      | Killed Terence
  1062 | D:2      | Reached XP level 3. HP: 10/28 MP: 3/3
  1311 | D:2      | Found an opulent altar of Gozag.
  1446 | D:2      | Became a worshipper of Gozag Ym Sagoz the Greedy
  1818 | D:2      | Reached XP level 4. HP: 35/35 MP: 4/4
  2135 | D:2      | Found a runed translucent door.
  2136 | D:2      | Noticed Crazy Yiuf
  2705 | D:3      | Noticed Natasha
  2717 | D:3      | Killed Natasha
  3024 | D:3      | Reached XP level 5. HP: 39/41 MP: 5/5
  3293 | D:3      | Noticed Natasha
  3314 | D:3      | Killed Natasha
  3456 | D:3      | Noticed a centaur
  3468 | D:3      | Killed a centaur
  3670 | D:3      | Found a hide-covered altar of Uskayaw.
  3688 | D:3      | Reached XP level 6. HP: 48/48 MP: 6/6
  3786 | D:3      | You fall into a shaft and drop 3 floors!
  3787 | D:6      | Noticed an ice beast
  3825 | D:6      | Killed an ice beast
  4062 | D:5      | Entered Level 5 of the Dungeon
  4534 | D:4      | Found a sand-covered staircase.
  4546 | D:4      | Gained mutation: You have sharp fingernails. [demonic
                  | ancestry]
  4546 | D:4      | Reached XP level 7. HP: 55/55 MP: 7/7
  4551 | Ossuary  | Entered an ossuary
  4834 | Ossuary  | Reached skill level 1 in Unarmed Combat
  5413 | D:3      | Noticed Natasha
  5427 | D:3      | Killed Natasha
  5740 | D:3      | Found a glowing silver altar of Zin.
  5740 | D:3      | Found a glowing golden altar of the Shining One.
  5740 | D:3      | Found a white marble altar of Elyvilon.
  6179 | D:4      | Found a staircase to the Ecumenical Temple.
  6363 | D:4      | Reached skill level 5 in Fighting
  6404 | D:4      | Reached skill level 2 in Unarmed Combat
  6653 | D:4      | Reached skill level 5 in Dodging
  7089 | D:5      | Reached skill level 3 in Unarmed Combat
  7171 | D:5      | Found a shadowy altar of Dithmenos.
  7248 | D:5      | Reached XP level 8. HP: 51/63 MP: 8/8
  7606 | D:5      | Reached skill level 4 in Unarmed Combat
  8220 | D:6      | Found a transporter.
  8230 | D:6      | Found a transporter.
  8233 | D:6      | Noticed ClockworkOrrery's ghost (novice GrFi)
  8259 | D:6      | Noticed Menkaure
  8266 | D:6      | Killed Menkaure
  9045 | D:7      | Found a stormy altar of Qazlal.
  9074 | D:7      | Reached skill level 5 in Unarmed Combat
  9403 | D:7      | Found Qarops's Armour Shop.
  9546 | D:7      | Found Vuwkya's Gadget Shop.
  9721 | D:7      | Gained mutation: You regenerate a little health from kills.
                  | [demonic ancestry]
  9721 | D:7      | Reached XP level 9. HP: 8/71 MP: 9/9
 10496 | D:7      | Reached skill level 6 in Unarmed Combat
 10627 | D:7      | Found Ulanlir's Antique Armour Shop.
 10630 | D:7      | Bought a shiny helmet for 225 gold pieces
 10704 | D:8      | Found a basalt altar of Yredelemnul.
 10707 | D:8      | Noticed Joseph
 10835 | D:8      | Killed Joseph
 11787 | D:8      | Reached skill level 7 in Unarmed Combat
 12798 | D:9      | Reached skill level 8 in Unarmed Combat
 12798 | D:9      | Reached XP level 10. HP: 30/80 MP: 10/10
 12826 | D:8      | HP: 4/80 [poisoned by a hornet]
 12834 | D:8      | HP: 4/80 [poisoned by a hornet]
 13197 | D:9      | Noticed a two-headed ogre
 13207 | D:9      | Killed a two-headed ogre
 13403 | D:9      | Got a faintly humming leather armour
 13414 | D:9      | Identified the +1 leather armour of the Lily {Rampage rCorr
                  | Int-3 Dex+3} (You found it on level 9 of the Dungeon)
 13426 | D:9      | Noticed Harold
 13449 | D:9      | Killed Harold
 13456 | D:9      | Reached skill level 9 in Unarmed Combat
 13619 | D:9      | Noticed a two-headed ogre
 13658 | D:9      | Killed a two-headed ogre
 14080 | D:9      | Found a shadowy altar of Dithmenos.
 14176 | D:10     | Entered Level 10 of the Dungeon
 14276 | D:10     | Found Yjyurryen's Antique Weapon Boutique.
 14574 | D:10     | You fall into a shaft and drop 2 floors!
 14634 | D:12     | Found a staircase to the Orcish Mines.
 14852 | D:10     | Found a transporter.
 14866 | D:10     | Found a one-way gate to the infinite horrors of the Abyss.
 14866 | D:10     | Noticed a wizard
 14866 | D:10     | Noticed Gamer54's ghost (journeyman DrAE)
 14868 | D:10     | Noticed a guardian serpent
 14892 | D:10     | Identified the +11 mace "Yzeozy" {distort, MR+}
 14892 | D:10     | Noticed a skeletal warrior
 14909 | D:10     | Noticed a toenail golem
 14910 | D:10     | Found a transporter.
 15538 | D:11     | Found Tyna's Magic Scroll Boutique.
 15773 | D:11     | Bought a scroll of vulnerability for 97 gold pieces
 15773 | D:11     | Bought a scroll of blinking for 97 gold pieces
 15873 | D:11     | Found Luoriq's Armour Boutique.
 15878 | D:11     | Bought a +0 helmet of see invisible for 161 gold pieces
 15878 | D:11     | Bought a +2 pair of boots of stealth for 301 gold pieces
 15899 | D:11     | Noticed a sphinx
 15902 | D:11     | Found a glowing silver altar of Zin.
 15902 | D:11     | Noticed a fire dragon
 15906 | D:11     | Noticed a boulder beetle
 15909 | D:11     | Paralysed by a sphinx for 2 turns
 15921 | D:11     | Killed a sphinx
 15921 | D:11     | Reached skill level 10 in Unarmed Combat
 15921 | D:11     | Gained mutation: You may emit foul miasma when damaged in
                  | melee. [demonic ancestry]
 15921 | D:11     | Reached XP level 11. HP: 37/89 MP: 11/11
 15924 | D:11     | Killed from afar by a fire dragon

Illustrated notes

Levels and vault maps discovered:
D:1:      dpeg_arrival_rooms_c, layout_loops_ring, minmay_hedge_maze
D:2:      layout_basic, nicolae_overflow_crystal_walls, uniq_terence,
          uniq_crazy_yiuf_cottage
D:3:      layout_loops_ring, good_gods_mini_temple, lemuel_doored_altar,
          uniq_natasha
D:4:      layout_basic, minmay_temple_entry_hall, nicolae_ossuary_entry_giza
D:5:      layout_rooms, grunt_dithmenos_shadows
D:6:      layout_cave_pods, gammafunk_ghost_stat_death, uniq_menkaure
D:7:      layout_gridville, nicolae_qazlal_general_emergency, serial_shops,
          nicolae_shop_trees, shop, shop, serial_glass, glass_columns_a,
          glass_columns_c, minmay_strange_pillars, item_on_display_a,
          due_unseen_surprise
D:8:      kennysheep_ambush_hall, layout_rooms, kennysheep_mini, uniq_joseph
D:9:      layout_loops_cross, lemuel_coloured_pillars_altar, special_room
          [special_room_orc], uniq_harold
D:10:     layout_cave_pools, serial_bayou, serial_bayou_lagoon_b,
          serial_bayou_pond_d, serial_bayou_pond_e, serial_bayou_pond_d,
          gammafunk_ghost_abyssal_escape, serial_shops, kennysheep_mini_moat,
          grunt_decor_mini_mirrors
D:11:     layout_gridville, david_lair_generic,
          gammafunk_ghost_wrathful_warriors, serial_shops,
          nicolae_shop_behind_doors, nicolae_shop_crystal, nicolae_shop_stone,
          kennysheep_little_box, nicolae_shop_trees, jmf_multi_god_temple
D:12:     layout_small_grid, orc_0_dummy, kennysheep_diamond, minmay_nine_imps

Skill      XL: |  1  2  3  4  5  6  7  8  9 10 |
---------------+-------------------------------+-----
Long Blades    | 3 4 |  4.7
Dodging        | 3 4 5 6 7 8 |  8.7
Fighting       | 3 4 5 6 7 9 |  9.3
Unarmed Combat | 3 5 8 10 | 10.2
Throwing       | |  1.7

Action                   |  1- 3 |  4- 6 |  7- 9 | 10-12 || total
-------------------------+-------+-------+-------+-------++-------
Melee: Long sword        |    31 |       |       |       ||    31
       Dagger            |    62 |   226 |   316 |       ||   604
       Punch             |       |       |    15 |     5 ||    20
       Unarmed           |       |       |   355 |   172 ||   527
Throw: Throwing net      |       |     3 |     1 |     1 ||     5
Evoke: Wand              |       |       |     5 |    10 ||    15
  Use: Potion            |       |       |     2 |     6 ||     8
       Scroll            |       |       |    17 |     7 ||    24
 Stab: Sleeping          |     1 |       |       |       ||     1
       Distracted        |       |     1 |     2 |     2 ||     5
       Held in net/web   |       |     2 |     1 |       ||     3
Armor: Leather armour    |     9 |    35 |    86 |    19 ||   149
       Ring mail         |     4 |    22 |       |       ||    26
       Skin              |       |       |       |    43 ||    43
Dodge: Dodged            |    63 |   130 |   389 |    78 ||   660
Block: Other             |       |       |    99 |    34 ||   133
       Reflection        |       |       |     5 |     1 ||     6
       Rpst.: Long sword |     7 |       |       |       ||     7

Table legend: (Time is in decaauts)
 A = Elapsed time spent in this place.
 B = Non-inter-level travel time spent in this place.
 C = Inter-level travel time spent in this place.
 D = Time resting spent in this place.
 E = Time spent auto-exploring this place.
 F = Levels seen in this place.
 G = Mean time per level.
                   A        B        C        D        E       F      G
               +--------+--------+--------+--------+--------+-----+--------+
         Total |  15840 |  15524 |    316 |   6951 |   6205 |  13 | 1218.5 |
       Dungeon |  15542 |  15226 |    316 |   6706 |   6200 |  12 | 1295.2 |
       Ossuary |    298 |    298 |      0 |    245 |      5 |   1 |  298.0 |
               +--------+--------+--------+--------+--------+-----+--------+

Top non-repeatable levels by time:
     D:7: 2279 daAuts
     D:6: 1699 daAuts
     D:2: 1663 daAuts
     D:4: 1648 daAuts
     D:3: 1571 daAuts
     D:9: 1391 daAuts
     D:8: 1344 daAuts
     D:5: 1195 daAuts
    D:10: 1114 daAuts
     D:1: 997 daAuts
    D:11: 563 daAuts
 Ossuary: 298 daAuts
    D:12: 74 daAuts
